 Dungeon Crawl Stone Soup version 0.23.2-1-ga50397a (webtiles) character file.

Game seed: 13264608391988102003

549 Aske the Twirler (level 7, 0/58 HPs)
             Began as a Minotaur Gladiator on May 3, 2019.
             Slain by a shadow imp (1 damage)
             ... on level 5 of the Dungeon.
             The game lasted 00:05:46 (3126 turns).

Aske the Twirler (Minotaur Gladiator)               Turns: 3126, Time: 00:05:46

Health: 0/58       AC: -2    Str: 19    XL:     7   Next: 7%
Magic:  0/6        EV: 13    Int:  5    God:
Gold:   193        SH:  0    Dex: 13    Spells: 6/6 levels left

rFire    . . .     SeeInvis .   a - +0 quarterstaff
rCold    + . .     Gourm    .   (shield currently unavailable)
rNeg     . . .     Faith    .   g - +0 ring mail
rPois    .         Spirit   +   c - +0 hat
rElec    .         Reflect  .   r - scarf {repulsion}
rCorr    .         Harm     .   (no gloves)
MR       .....                  (no boots)
Stlth    ++........             m - amulet of guardian spirit
HPRegen  0.19/turn              k - ring of protection from cold
MPRegen  0.10/turn              (no ring)

@: corroded, repel missiles
A: retaliatory headbutt, horns 2
a: no special abilities


You were on level 5 of the Dungeon.
You were not hungry.

You visited 2 branches of the dungeon, and saw 6 of its levels.

You collected 193 gold pieces.

Inventory:

Hand Weapons
 a - a +0 quarterstaff (weapon)
Missiles
 d - 3 throwing nets (quivered)
Armour
 c - a +0 hat (worn)
 g - a +0 ring mail (worn)
 r - a scarf of repulsion (worn)
Jewellery
 k - a ring of protection from cold (left hand)
 m - an amulet of guardian spirit (around neck)
 q - an uncursed amulet of harm
Wands
 o - a wand of acid (6)
Scrolls
 l - 2 scrolls of teleportation
 n - a scroll of random uselessness {unknown}
 p - 2 scrolls of amnesia
 u - 2 scrolls of enchant armour
 v - a scroll of fog {unknown}
 w - a scroll of remove curse
 x - a scroll of enchant weapon {unknown}
 y - a scroll of fear {unknown}
Potions
 b - 2 potions of heal wounds {unknown}
 e - a potion of degeneration {unknown}
 h - a potion of lignification {unknown}
 i - a potion of might {unknown}
 j - a potion of mutation {unknown}
 s - a potion of cancellation {unknown}
 t - a potion of curing {unknown}
Comestibles
 f - 2 rations
 z - 3 chunks of flesh


   Skills:
 + Level 3.8 Fighting
 + Level 6.2 Staves
 - Level 2.0 Throwing
 + Level 3.7 Armour
 + Level 4.4 Dodging
 * Level 3.0 Stealth


You had 6 spell levels left.
You didn't know any spells.
Your spell library was empty.

Dungeon Overview and Level Annotations

Branches:
Dungeon (5/15)             Temple (1/1) D:4

Altars:
Ashenzari
Cheibriados
Dithmenos
Elyvilon
Fedhas
Gozag
Hepliaklqana
Kikubaaqudgha
Makhleb
Nemelex Xobeh
Okawaru
Qazlal
Ru
Sif Muna
Trog
Uskayaw
Vehumet
Wu Jian
Xom
Yredelemnul
The Shining One


Innate Abilities, Weirdness & Mutations

You reflexively headbutt those who attack you in melee.
You have a pair of horns on your head.


Message History

The jelly is almost dead.
The jelly closely misses you.
You hit the jelly but do no damage.
Your hands burn!
* * * LOW HITPOINT WARNING * * *
The jelly is almost dead.
The jelly hits you.
* * * LOW HITPOINT WARNING * * *
You are splashed with acid!
* * * LOW HITPOINT WARNING * * *
You hit the jelly.
You kill the jelly!
Your Stealth skill increases to level 3!
The shadow imp closely misses you. You furiously retaliate!
You headbutt the shadow imp, but do no damage.
You hit the shadow imp but do no damage.
The shadow imp closely misses you.
Unknown command.
You hit the shadow imp but do no damage.
The shadow imp hits you.
You die...

#.......##
#........# ###
###........# ....
..........# #
.#..##.........#
..................
.......#.........
... #..5@.......
#.$###.####...#
#.##..###........#
#..........#...#.
#.............##
#............###
#..............##
.
##.####...........
.. #.
#...#.###....


You could see a shadow imp.

Vanquished Creatures
  An ogre (D:4)
  A scorpion (D:4)
  A howler monkey (D:4)
  2 hounds
  A jelly (D:5)
  Crazy Yiuf (D:3)
  3 orc wizards
  A centaur skeleton (D:4)
  A worker ant (D:4)
  3 adders
  An ooze (D:3)
  3 worms
  2 leopard geckos (D:2)
  11 orcs
  3 giant cockroaches
  5 goblins (D:1)
  4 hobgoblins
  13 jackals
  5 kobolds
  A quokka (D:3)
  2 ball pythons
  7 bats
  5 frilled lizards
  A quokka skeleton (D:3)
  10 rats
88 creatures vanquished.

Notes
Turn   | Place    | Note
-------+----------+-------------------------------------------
     0 | D:1      | Aske the Minotaur Gladiator began the quest for the Orb.
     0 | D:1      | Reached XP level 1. HP: 18/18 MP: 0/0
   143 | D:1      | Reached XP level 2. HP: 25/25 MP: 1/1
   280 | D:1      | Reached skill level 4 in Staves
   481 | D:2      | Reached XP level 3. HP: 26/30 MP: 2/2
   859 | D:2      | Reached skill level 1 in Stealth
  1009 | D:3      | Reached skill level 1 in Armour
  1265 | D:3      | Reached XP level 4. HP: 36/37 MP: 3/3
  1680 | D:3      | Found a runed translucent door.
  1681 | D:3      | Noticed Crazy Yiuf
  1712 | D:3      | Killed Crazy Yiuf
  1733 | D:3      | Lost intelligence.
  1904 | D:4      | Reached XP level 5. HP: 40/45 MP: 4/4
  1940 | D:4      | Reached skill level 5 in Staves
  2187 | D:4      | Found a staircase to the Ecumenical Temple.
  2199 | Temple   | Entered the Ecumenical Temple
  2360 | D:4      | Noticed an ogre
  2369 | D:4      | Killed an ogre
  2369 | D:4      | Reached XP level 6. HP: 13/51 MP: 1/5
  2878 | D:5      | Entered Level 5 of the Dungeon
  2896 | D:5      | Reached skill level 6 in Staves
  2906 | D:5      | Reached XP level 7. HP: 21/58 MP: 2/6
  3123 | D:5      | HP: 1/58 [acid (8)]
  3126 | D:5      | Slain by a shadow imp

Skill      XL: |  1  2  3  4  5  6  7 |
---------------+----------------------+-----
Staves         | 4 5 6 |  6.2
Dodging        | 4 |  4.4
Stealth        | 1 2 3 |  3.0
Armour         | 1 2 3 |  3.7
Fighting       | 3 |  3.8
Throwing       | |  2.0

Action                   |  1- 3 |  4- 6 |  7- 9 || total
-------------------------+-------+-------+-------++-------
Melee: Quarterstaff      |    89 |   107 |    14 ||   210
       Headbutt          |    15 |    18 |     1 ||    34
Throw: Throwing net      |       |     5 |       ||     5
  Use: Scroll            |       |     6 |       ||     6
 Stab: Sleeping          |     2 |     1 |       ||     3
  Eat: Chunk             |     1 |     2 |     1 ||     4
       Ration            |       |     1 |       ||     1
Armor: Leather armour    |    33 |     5 |       ||    38
       Ring mail         |       |    26 |       ||    26
Dodge: Dodged            |    56 |   101 |     4 ||   161
       Deflected         |       |     2 |       ||     2
